 Dungeon Crawl Stone Soup version 0.30.1-11-g7821555f0a (webtiles) character file.

Game seed: 81201460231396475

221 Okkudo the Chopper (level 5, -8/48 HPs)
             Began as a Hill Orc Monk on Nov 29, 2023.
             Mangled by an orc warrior
             ... wielding a +0 dire flail
              (10 damage)
             ... on level 3 of the Dungeon.
             The game lasted 00:06:42 (2732 turns).

Okkudo the Chopper (Hill Orc Monk)                  Turns: 2732, Time: 00:06:43

Health: -8/48      AC: 11    Str: 16    XL:     5   Next: 98%
Magic:  5/5        EV: 15    Int: 10    God:
Gold:   171        SH:  0    Dex: 13    Spells: 4/4 levels left

rFire   x . .        a - +0 hand axe
rCold   + + .        d - orb {light}
rNeg    . . .        k - +0 ice dragon scales
rPois   .            j - +0 helmet
rElec   .            y - +0 cloak
rCorr   .            (no gloves)
SInv    .            (no boots)
Will    .....        (no amulet) Stlth
                     v - +5 ring of evasion
HPRegen 0.28/turn    (no ring)
MPRegen 0.09/turn

%: no passive effects
@: glowing
A: no striking features
a: no special abilities


You were on level 3 of the Dungeon.
You visited 1 branch of the dungeon, and saw 4 of its levels.

You collected 171 gold pieces.

Inventory:

Hand Weapons
 a - a +0 hand axe (weapon)
Missiles
 e - 3 poisoned darts (quivered)
Armour
 d - an orb of light (worn)
 j - a +0 helmet (worn)
 k - +0 ice dragon scales (worn)
 o - a +0 plate armour
 y - a +0 cloak (worn)
Jewellery
 v - a +5 ring of evasion (left hand)
Wands
 p - a wand of paralysis (11)
 x - a wand of flame (8)
Scrolls
 b - a scroll of noise {unknown}
 f - 3 scrolls of identify {unknown}
 i - a scroll of magic mapping {unknown}
 l - a scroll of teleportation {unknown}
 m - 2 scrolls of enchant weapon {unknown}
 n - 2 scrolls of summoning {unknown}
Potions
 c - a potion of ambrosia
 g - a potion of brilliance {unknown}
 h - 2 potions of haste {unknown}
 q - a potion of flight {unknown}
 r - 2 potions of berserk rage {unknown}
 s - 2 potions of might {unknown}
 t - a potion of attraction {unknown}
 u - a potion of invisibility {unknown}
 w - a potion of curing {unknown}


   Skills:
 + Level 5.3 Fighting
 + Level 5.8 Axes
 + Level 3.6 Dodging


You had 4 spell levels left.
You didn't know any spells.
Your spell library contained the following spells:

 Spells                   Type           Power      Damage    Failure   Level
 Dazzling Flash           Conj/Hex       0%         N/A       99%         3
 Ozocubu's Armour         Ice            0%         N/A       99%         3
 Volatile Blastmotes      Fire/Tloc      0%         2d10      99%         3
 Iskenderun's Mystic Bla  Conj/Tloc      0%         2d3       100%        4
 Metabolic Englaciation   Hex/Ice        0%         N/A       100%        5
 Simulacrum               Ice/Necr       0%         N/A       100%        6
 Starburst                Conj/Fire      0%         6d3       100%        6


Dungeon Overview and Level Annotations

Branches:
Dungeon (4/15)
 Temple: D:4-7

Altars:
Makhleb
Vehumet
Xom


Message History

You climb upwards.
There is a stone staircase leading down here.
The orc warrior closely misses you.
The orc warrior attacks as you move away!
The orc warrior misses you.
The orc warrior attacks as you move away!
The orc warrior hits you with a +0 dire flail.
* * * LOW HITPOINT WARNING * * *
The orc warrior attacks as you move away!
The orc warrior misses you.
The orc warrior attacks as you move away!
The orc warrior hits you with a +0 dire flail.
* * * LOW HITPOINT WARNING * * *
You completely miss the orc warrior.
The orc warrior is moderately wounded.
The orc warrior barely misses you.
You hit the orc warrior but do no damage.
The orc warrior is moderately wounded.
The orc warrior hits you with a +0 dire flail!
* * * LOW HITPOINT WARNING * * *
You hit the orc warrior but do no damage.
The orc warrior is moderately wounded.
The orc warrior barely misses you.
You hit the orc warrior.
The orc warrior is heavily wounded.
The orc warrior hits you with a +0 dire flail.
* * * LOW HITPOINT WARNING * * *
You hit the orc warrior but do no damage.
The orc warrior is heavily wounded.
The orc warrior misses you.
You hit the orc warrior but do no damage.
The orc warrior is heavily wounded.
The orc warrior misses you.
You completely miss the orc warrior.
The orc warrior is heavily wounded.
The orc warrior closely misses you.
You hit the orc warrior but do no damage.
The orc warrior is heavily wounded.
The orc warrior hits you with a +0 dire flail!
You die...

#### ...# ...# ...#
...# ...#
...##################
.........>.....o@...#
...#.####.#########.#
####.# #.# #.#
####'## #.# #.#
......# #.# #.#
......# #.# #.#
......###.#########.#
....................#
#########.#########.#


You could see an orc warrior.

Vanquished Creatures
  A hound (D:4)
  Natasha (twice) (D:4)
  An iguana (D:3)
  An orc wizard (D:4)
  3 adders
  A worm (D:2)
  A dart slug (D:2)
  6 orcs
  5 endoplasms
  3 giant cockroaches
  6 goblins
  7 hobgoblins
  2 jackals (D:2)
  A kobold (D:1)
  3 quokkas
  2 ball pythons (D:2)
  4 bats
  2 frilled lizards
  2 rats (D:1)
53 creatures vanquished.

Notes
Turn   | Place    | Note
-------+----------+-------------------------------------------
     0 | D:1      | Okkudo the Hill Orc Monk began the quest for the Orb.
     0 | D:1      | Reached XP level 1. HP: 19/19 MP: 1/1
   325 | D:1      | Reached XP level 2. HP: 26/27 MP: 2/2
  1132 | D:2      | Reached XP level 3. HP: 30/33 MP: 3/3
  1230 | D:2      | Found a shimmering altar of Xom.
  1525 | D:2      | Found a faded altar of an unknown god.
  1923 | D:3      | Reached XP level 4. HP: 35/41 MP: 4/4
  1956 | D:3      | Found a radiant altar of Vehumet.
  2082 | D:3      | Reached skill level 5 in Axes
  2621 | D:4      | Found a burning altar of Makhleb.
  2621 | D:4      | Noticed Natasha
  2633 | D:4      | Killed Natasha
  2634 | D:4      | Reached XP level 5. HP: 40/47 MP: 5/5
  2643 | D:4      | Reached skill level 5 in Fighting
  2670 | D:4      | Noticed Natasha
  2673 | D:4      | Killed Natasha
  2684 | D:4      | Noticed an orc warrior
  2726 | D:3      | HP: 2/48 [orc warrior/+0 dire flail (9)]
  2732 | D:3      | Mangled by an orc warrior

Illustrated notes

Levels and vault maps discovered:
D:1:      giann_forest_graveyard, layout_basic, serial_rivers,
          chequers_serial_rivers_micro_e, chequers_serial_rivers_micro_a,
          chequers_serial_rivers_large_a, chequers_serial_rivers_large_b,
          chequers_serial_rivers_small_3
D:2:      layout_basic, basic_altar, ebering_ecumenical_altar_webs
D:3:      layout_basic, nicolae_vehumet_radiance
D:4:      layout_loops_ring, lemuel_doored_altar, makhleb_heckhound_becter,
          serial_shops, nicolae_lakefront_shop, minmay_misc_feat_secret_circle,
          sigmund_army, uniq_natasha, uniq_crazy_yiuf_cottage

Skill      XL: |  1  2  3  4  5 |
---------------+----------------+-----
Fighting       | 4 5 |  5.3
Dodging        | 3 |  3.6
Axes           | 5 |  5.8

Action                     |  1- 3 |  4- 6 || total
---------------------------+-------+-------++-------
  Melee: Hand axe          |   100 |    77 ||   177
   Stab: Distracted        |       |     1 ||     1
 Armour: Robe              |     3 |       ||     3
         Ice dragon scales |    45 |    27 ||    72
  Dodge: Dodged            |    61 |    61 ||   122
